 Dungeon Crawl Stone Soup version 0.25.1-8-g42b30a86e7 (webtiles) character file.

Game seed: 3809420261451020487

70 Abzac the Covert (level 4, -5/22 HPs)
             Began as a Spriggan Assassin on Dec 17, 2020.
             Slain by a gnoll
             ... wielding a +0 halberd
              (14 damage)
             ... on level 2 of the Dungeon.
             The game lasted 00:07:46 (2755 turns).

Abzac the Covert (Spriggan Assassin)                Turns: 2755, Time: 00:07:47

Health: -5/22      AC:  3    Str:  8    XL:     4   Next: 4%
Magic:  5/5        EV: 17    Int: 12    God:
Gold:   88         SH:  0    Dex: 17    Spells: 3/3 levels left

rFire    . . .     SeeInvis +   a - +2 dagger
rCold    . . .     Gourm    .   (shield restricted)
rNeg     . . .     Faith    .   b - +0 robe
rPois    .         Spirit   .   (helmet restricted)
rElec    .         Reflect  .   c - +0 cloak
rCorr    .         Harm     .   (gloves unavailable)
MR       .....                  (boots unavailable)
Stlth    ++++......             (no amulet)
HPRegen  0.07/turn              (no ring)
MPRegen  0.09/turn              (no ring)

@: very quick
A: very small, unfitting armour, see invisible, herbivore, speed 3, slow
metabolism 2
a: no special abilities


You were on level 2 of the Dungeon.
You were not hungry.

You visited 1 branch of the dungeon, and saw 4 of its levels.

You collected 88 gold pieces.

Inventory:

Hand Weapons
 a - a +2 dagger (weapon)
Missiles
 e - 2 curare-tipped darts (quivered)
Armour
 b - a +0 robe (worn)
 c - a +0 cloak (worn)
Scrolls
 l - 2 scrolls of identify {unknown}
 o - a scroll of blinking {unknown}
Potions
 g - 2 potions of might {unknown}
 h - a potion of degeneration {unknown}
 i - 3 potions of lignification {unknown}
 j - a potion of cancellation {unknown}
 k - 3 potions of berserk rage {unknown}
 m - a potion of haste {unknown}
 n - a potion of curing {unknown}
Comestibles
 f - 4 rations


   Skills:
 - Level 1.5 Fighting
 - Level 2.1 Short Blades
 - Level 2.0 Throwing
 - Level 1.5 Dodging
 * Level 8.5 Stealth


You had 3 spell levels left.
You didn't know any spells.
Your spell library was empty.

Dungeon Overview and Level Annotations

Branches:
Dungeon (4/15)
 Temple: D:4-7

Altars:
Qazlal
Uskayaw

Annotations:
D:3 Grinder


Innate Abilities, Weirdness & Mutations

You are very small and have problems with some larger weapons.
You are too small for most types of armour.
You have supernaturally acute eyesight. (SInv)
You are a herbivore.
You cover ground extremely quickly.
You need to consume almost no food.


Message History

Aim: a gnoll, wielding a +0 spear (almost dead, poisoned)
You throw a poisoned dart.
The poisoned dart barely misses the gnoll.
The poisoned dart closely misses the gnoll.
You kill the gnoll!
You have reached level 4!
Throwing (i - inventory. (/) - cycle)
d - 2 poisoned darts (quivered)
Press: ? - help, Shift-Dir - straight line, f - gnoll
Aim: a gnoll, wielding a +0 halberd You throw a poisoned dart.
The poisoned dart hits the gnoll.
The gnoll is poisoned.
Throwing (i - inventory. (/) - cycle)
d - a poisoned dart (quivered)
Press: ? - help, Shift-Dir - straight line, f/p - gnoll
Aim: a gnoll, wielding a +0 halberd (lightly wounded, poisoned)
You throw a poisoned dart. The poisoned dart hits the gnoll.
The gnoll looks even sicker.
The gnoll is lightly wounded.
The gnoll hits you from afar with a +0 halberd!
Ouch! That really hurt!
You die...

.......####.#####..##
............#####.(#
.(...<.####..##....#####
...(#### #.......(....#
##..>### ##.....#.##.##
####...#####...###(# .. #
##.............g# ##.
######.............###....
....###...#.....@......#
###..............#######
.............#..#######
...........###...##...##
#.....#.....#....#.....##
#.##.#..##............).#
.......###...#.#........#
..###.####.###..#.......#
#. #..###..# ##.##.....##


You could see a gnoll (very poisoned).

Vanquished Creatures
  2 gnolls (D:2)
  An adder (D:2)
  2 dart slugs (D:1)
  An orc (D:3)
  3 giant cockroaches (D:1)
  6 goblins
  4 hobgoblins
  4 jackals (D:1)
  4 kobolds
  3 bats
  2 frilled lizards
  4 rats
36 creatures vanquished.

Notes
Turn   | Place    | Note
-------+----------+-------------------------------------------
     0 | D:1      | Abzac the Spriggan Assassin began the quest for the Orb.
     0 | D:1      | Reached XP level 1. HP: 10/10 MP: 2/2
    24 | D:1      | Reached skill level 6 in Stealth
   124 | D:1      | Reached XP level 2. HP: 14/14 MP: 3/3
   263 | D:1      | Reached skill level 7 in Stealth
   768 | D:1      | Reached XP level 3. HP: 18/18 MP: 4/4
  1805 | D:2      | Noticed an ogre
  1963 | D:3      | Found a hide-covered altar of Uskayaw.
  1968 | D:3      | Noticed Grinder
  2030 | D:4      | Noticed a scorpion
  2250 | D:2      | Found a stormy altar of Qazlal.
  2691 | D:2      | Reached skill level 8 in Stealth
  2748 | D:2      | Reached XP level 4. HP: 9/22 MP: 5/5
  2755 | D:2      | Slain by a gnoll

Illustrated notes

Levels and vault maps discovered:
D:1:      dpeg_arrival_boxorama, layout_basic, minmay_misc_feat_encased
D:2:      layout_rooms, nicolae_overflow_hidden_temple, grunt_qazlal_sundering
D:3:      layout_basic, first_ration, lemuel_altar_in_water, uniq_sigmund,
          uniq_grinder
D:4:      layout_basic, minmay_temple_entry_from_below_b, bloody_trog,
          uniq_duvessa, uniq_robin

Skill      XL: |  1  2  3 |
---------------+----------+-----
Stealth        | 6 7 8 |  8.5
Fighting       | |  1.5
Short Blades   | |  2.1
Throwing       | |  2.0
Dodging        | |  1.5

Action                   |  1- 3 |  4- 6 || total
-------------------------+-------+-------++-------
Melee: Dagger            |   121 |       ||   121
Throw: Dart              |     7 |     2 ||     9
 Stab: Sleeping          |    14 |       ||    14
Armor: Robe              |     6 |       ||     6
Dodge: Dodged            |    78 |       ||    78
